[Event "4NCL 2022-2023"]
[Site "Daventry"]
[Date "2023.02.11"]
[Round "5.42"]
[White "Wall, Gavin"]
[Black "Wadsworth, Matthew J"]
[Result "1-0"]
[ECO "D11"]
[WhiteElo "2290"]
[BlackElo "2469"]
[Annotator "TA"]
[PlyCount "81"]
[EventDate "2022.10.20"]
[EventType "team-tourn"]
[EventCountry "ENG"]
[SourceTitle "playchess.com"]
[Source "ChessBase"]
[SourceQuality "1"]
[TimeControl "40/6000+30:2400+30"]

1. d4 d5 2. Nf3 Nf6 3. g3 Bf5 4. Bg2 e6 5. O-O h6 6. c4 c6 7. Nc3 Nbd7 8. Nd2 Be7 9. e4 dxe4 10. Ndxe4 Nxe4 {[%emt 0:01:24] D11: Slav Defence: 3 Nf3 sidelines and 3...Nf6 4 e3 Bg4.} 11. Nxe4 O-O 12. Bf4 Nf6 {[%emt 0:06:26] The position is equal.} 13. Nc5 (13. Re1 $11 {remains equal.}) 13... b6 {[%emt 0:11:27] [#]} ({Black should try} 13... Bxc5 $17 14. dxc5 Bd3) 14. Nb3 $146 ({Predecessor:} 14. Nd3 Qxd4 15. Ne5 Qxb2 16. Nxc6 Bc5 17. Be5 Qc2 18. Bxf6 Qxd1 19. Rfxd1 gxf6 20. Rd7 {0-1 Sirin,A (2240)-Bilic,V (2292) EU-Cup 26th Plovdiv 2010 (5.4)}) 14... Rc8 15. Qe2 Qd7 16. a4 Rfd8 17. h3 a5 18. Rfd1 Qa7 19. Rac1 Bd6 (19... Bb4 $11) 20. Be5 ({Better is} 20. Bxd6 $14 Rxd6 21. c5 bxc5 22. Qe5 (22. dxc5 Rxd1+ 23. Qxd1 Be4 $11) (22. Nxc5 Rcd8 $11) (22. Rxc5 Qb6 $14)) 20... Bg6 (20... Be7 $11) 21. Bxf6 gxf6 22. c5 Bf8 23. Qe3 Qb8 24. Qc3 h5 25. h4 (25. cxb6 $5 Bb4 26. Qf3 $14) 25... Bh6 26. Ra1 {[%emt 0:00:21] [#] aiming for cxb6.} f5 {[%emt 0:01:34] Loses the game.} (26... Bf8 $1 $14) 27. cxb6 $18 Qxb6 28. Nxa5 (28. Qxa5 $2 Qxb3 29. Qc3 Qb8 $19) 28... f4 (28... c5 $142) 29. Nxc6 {[%emt 0:01:09] Ne7+ would be deadly.} (29. Bxc6 $2 {is the wrong capture.} fxg3 30. Qxg3 (30. fxg3 $2 Bg7 $19) 30... Qxa5 $19) 29... Kh7 30. b4 {[%emt 0:03:36][%cal Bb2b4,Bb4b5][%mdl 32] [#] And now a5 would win.} fxg3 31. fxg3 Rd6 (31... Rxd4 $142 32. Rxd4 e5 {[%mdl 64] Pin}) 32. b5 {[%emt 0:02:45] White is clearly winning.} e5 33. Qc5 Be3+ 34. Kh2 Qxc5 35. dxc5 Rxd1 36. Rxd1 {[%emt 0:00:03] b6 is the strong threat.} Bxc5 37. Rd5 Bb6 38. a5 Bc7 39. b6 (39. Nxe5 Bxa5 40. Rd7 Rb8 $18) 39... Bxb6 40. axb6 {[%emt 0:00:06] White threatens b7 and mate.} Rxc6 41. b7 {[%emt 0:40:04] Weighted Error Value: White=0.12 (very precise) /Black=0.47} ({Not} 41. Rxe5 Rxb6 42. Bf3 Rb2+ 43. Kg1 Kh6 $11) 1-0

[Event "4NCL 2022-2023"]
[Site "Daventry"]
[Date "2023.02.11"]
[Round "5.43"]
[White "Harvey, Marcus R"]
[Black "Thorarinsson, Pall A."]
[Result "1-0"]
[ECO "B38"]
[WhiteElo "2471"]
[BlackElo "2169"]
[Annotator "TA"]
[PlyCount "185"]
[EventDate "2022.10.20"]
[EventType "team-tourn"]
[EventCountry "ENG"]
[SourceTitle "playchess.com"]
[Source "ChessBase"]
[SourceQuality "1"]
[TimeControl "40/6000+30:2400+30"]

1. c4 c5 2. Nf3 g6 3. d4 cxd4 4. Nxd4 Bg7 5. e4 Nc6 6. Be3 Nf6 7. Nc3 d6 8. Be2 O-O 9. O-O Nxd4 10. Bxd4 Bd7 11. Qd2 Bc6 12. f3 a5 13. Rfd1 Nd7 14. Be3 Nc5 {[%emt 0:04:12] B38: Sicilian: Maroczy Bind with 5...Bg7 and 7...0-0.} 15. Rac1 a4 16. Rc2 Qa5 {[%emt 0:16:45] White has an edge.} 17. Rb1 Rfc8 18. Bf1 {[%emt 0:15:45] [#]} Kf8 $146 ({Predecessor:} 18... Qd8 19. Qf2 Qf8 20. Re1 Na6 21. Bg5 h6 22. Be3 Bf6 23. Qd2 h5 24. Bf2 e6 {1-0 Misailovic,N (2306)-Brkljaca,A (2322) SRB-chT2 West 2013 (3)}) 19. Qf2 Kg8 20. Kh1 Qb4 21. Bd2 Qa5 22. Qh4 Bf6 23. Qe1 Qd8 24. Be3 Qa5 25. Rbc1 Ne6 26. Qd2 h5 27. Bd3 ({White should play} 27. Nd5 $14) 27... Nd4 $11 28. Bxd4 Bxd4 29. Re1 h4 30. a3 Bg7 (30... b5 $5) 31. Qf2 Qh5 32. Ne2 Qh8 33. Rb1 Ra5 34. Nf4 Be5 {[%emt 0:00:28] A strong pair of Bishops.} 35. Nd5 Bxd5 36. exd5 Qf6 $1 37. Qe3 Rac5 38. Re2 R8c7 39. Qe4 Qf4 ({Better is} 39... Qg5 $17) 40. Qxf4 $15 Bxf4 41. Re4 Bg5 42. Kg1 Bf6 43. Kf2 Rc8 44. Rbe1 Kf8 45. R1e2 Ra8 46. Rc2 Ra6 $1 47. Bf1 Rb6 48. Ree2 {[%emt 0:00:00] White is weak on the dark squares} Bd4+ 49. Ke1 Be5 50. h3 Rb3 51. Kd1 Bf4 52. Re4 (52. Rc3 $142) 52... g5 $17 53. Rd4 Be5 54. Rdd2 Kg7 55. Re2 b5 56. cxb5 Rcxb5 57. Rxe5 {[%emt 0:00:00][%mdl 64] Discovered Attack} dxe5 58. Bxb5 Rxb5 {[%emt 0:00:00][%mdl 4096] Endgame KR-KR} 59. Rd2 (59. Re2 $17 {was worth a try.}) 59... f5 (59... Kf6 $19 {has better winning chances.} 60. d6 exd6 61. Rxd6+ Kf5) 60. Kc2 (60. Kc1 $142) 60... Rc5+ (60... Rb3 $1 $17 61. Kc1 Re3) 61. Kb1 (61. Kd1 $1 $15) 61... Rc4 ({Black should try} 61... Kf6 $1 $17 {Threatens to win with ...e4.} 62. d6 exd6 63. Rxd6+ Kf7) 62. b3 $11 axb3 63. Kb2 Rc5 64. Kxb3 e4 65. fxe4 fxe4 66. Kb4 e3 67. Rd3 Rc2 $1 (67... e2 $2 68. Re3 Rxd5 69. Rxe7+ (69. Rxe2 Rd4+ 70. Kb5 Kf6 $16) 69... Kf8 70. Rxe2 $18) 68. Rxe3 Rxg2 69. Rxe7+ Kf6 70. Re8 {[%emt 0:01:01] Hoping for d6.} Rd2 71. Kc5 Rc2+ 72. Kb6 {[%emt 0:00:44] Black must now prevent d6.} Rd2 73. Kc6 {[%emt 0:03:23] d6 is the strong threat.} Rc2+ 74. Kb6 Rd2 75. Kc5 Rc2+ 76. Kb4 Rd2 77. Kc4 {[%emt 0:00:43] Strongly threatening a4.} Rc2+ 78. Kd3 Ra2 79. d6 {[%emt 0:00:27] And now d7 would win.} Rxa3+ 80. Kc4 {[%emt 0:00:05] aiming for d7.} Ra7 (80... Rxh3 {leads to mate.} 81. d7 Kf5 82. d8=Q (82. d8=R Rg3 $18) 82... Ra3 83. Qd7+ Kf4 84. Qd6+ Kg4 85. Qxa3) 81. Kd5 Kf7 $2 (81... Ra5+ $11 82. Kc6 Ra6+ 83. Kc5 Ra7) 82. Re3 $2 (82. Rc8 $18 Kf6 83. Rf8+ Kg7 84. Rc8) 82... Ra5+ $2 (82... g4 $11) 83. Kc6 $18 {[%emt 0:00:08] White is clearly winning.} Ra6+ {[%emt 0:00:11] [#]} 84. Kc7 $1 Ra7+ 85. Kb6 Ra1 {[%emt 0:00:48] [#]} 86. d7 $1 Rd1 87. Kc7 Rc1+ 88. Kd8 Ra1 89. Rc3 Ra8+ 90. Kc7 Ra7+ 91. Kc6 Ra8 92. Kb7 Rd8 93. Kc7 {[%emt 0:00:07] What a bad dream for Black.   Weighted Error Value: White=0.15 (very precise) /Black=0.12 (very precise)} 1-0

[Event "4NCL 2022-2023"]
[Site "Daventry"]
[Date "2023.02.11"]
[Round "5.44"]
[White "Venkatesan, Kavin"]
[Black "Fitzsimons, David"]
[Result "1/2-1/2"]
[ECO "D41"]
[WhiteElo "2184"]
[BlackElo "2342"]
[Annotator "TA"]
[PlyCount "168"]
[EventDate "2022.10.20"]
[EventType "team-tourn"]
[EventCountry "ENG"]
[SourceTitle "playchess.com"]
[Source "ChessBase"]
[SourceQuality "1"]
[TimeControl "40/6000+30:2400+30"]

1. d4 Nf6 2. c4 e6 3. Nc3 d5 4. cxd5 Nxd5 5. e4 Nxc3 6. bxc3 c5 7. Nf3 cxd4 8. cxd4 Bb4+ 9. Bd2 Bxd2+ 10. Qxd2 O-O 11. Bc4 Nd7 12. O-O b6 13. Rfe1 Bb7 14. Rad1 Rc8 {[%emt 0:00:11] D41: Queen's Gambit Declined: Semi-Tarrasch with 5 cxd5.} 15. Bb3 Re8 16. Re3 Nf6 17. Qe1 Ng4 18. Re2 Ba6 19. Red2 Bc4 20. Bxc4 (20. h3 $5 Nf6 21. Ne5 Bxb3 22. axb3 $11) 20... Rxc4 {[%emt 0:00:10] [#]} 21. d5 $146 ({Predecessor:} 21. Qe2 Rc7 22. Qd3 Nf6 23. d5 exd5 24. e5 Nd7 25. Qxd5 Qe7 26. Qb5 Nf8 27. h3 {½-½ Praggnanandhaa,R (2612)-Duda,J (2760) Tata Steel-A 84th 2022 (2)}) 21... exd5 22. Rxd5 Qc8 23. e5 h6 24. h3 Nf6 25. R5d4 Rxd4 26. Rxd4 Nd7 27. Qd2 Nc5 (27... Nxe5 $2 28. Nxe5 Qe6 29. Nf3 $18) 28. Nh4 Qc7 29. f4 Ne6 {[%emt 0:04:39][%cal Oc7c5] [#] Strongly threatening ...Qc5!} 30. Rd7 Qc4 31. Nf3 Nxf4 32. Rxa7 Nd3 33. Qe3 Rc8 (33... Qb5 $15) 34. Kh2 b5 35. Rd7 Nc5 36. Rd2 Ra8 37. Rb2 Na4 (37... Rxa2 $2 38. Rxa2 Qxa2 39. Qxc5 $18) 38. Rb3 Rd8 39. a3 Rd5 40. Rb4 Qc7 41. Rd4 Qc5 42. Rd3 Qxe3 43. Rxe3 $11 {[%emt 0:00:06][%mdl 4096] Endgame KRN-KRN} Nc5 44. Re1 Kf8 45. Rb1 Nd7 46. Rb4 Nxe5 47. Nxe5 Rxe5 $15 {[%emt 0:00:00] KR-KR} 48. a4 bxa4 49. Rxa4 g5 ({Black should try} 49... h5 $15) 50. g4 Re3 51. Ra6 Kg7 52. Rb6 f6 53. Kg2 Kg6 54. Ra6 Rb3 55. Rc6 Rb2+ 56. Kg3 Rb1 57. Kg2 Rb4 58. Kg3 Re4 59. Rb6 Kf7 60. Ra6 Re3+ 61. Kg2 Re6 62. Ra7+ {[%emt 0:01:50] The position is equal.} Kg6 63. h4 $1 gxh4 {[%emt 0:00:22] [#] Hoping for ...Re3.} 64. Kh3 Re4 65. Ra5 Re5 66. Ra8 h5 67. Rg8+ Kf7 68. Rh8 hxg4+ 69. Kxg4 Re4+ 70. Kf5 Ra4 71. Rh7+ Kg8 72. Rb7 h3 73. Kxf6 h2 74. Rb1 $1 Ra2 {[%emt 0:09:59] Threatens to win with ...Rf2+.} (74... Rh4 $5 75. Rh1 $8 Rh7 $11) 75. Rh1 Kh7 {[%emt 0:01:44] ...Kh6 would be deadly.} 76. Kg5 Kg7 77. Kg4 Kg6 78. Kg3 Kg5 79. Rxh2 Ra3+ 80. Kf2 Kg4 81. Rh8 Ra2+ 82. Ke3 Ra3+ 83. Kd2 Ra2+ 84. Kd3 Ra3+ {[%emt 0:00:05] Weighted Error Value: White=0.06 (flawless) /Black=0.08 (flawless)} 1/2-1/2

[Event "4NCL 2022-2023"]
[Site "Daventry"]
[Date "2023.02.11"]
[Round "5.45"]
[White "Greet, Andrew N"]
[Black "Freeman, Gordon"]
[Result "1-0"]
[ECO "A22"]
[WhiteElo "2408"]
[BlackElo "2094"]
[Annotator "TA"]
[PlyCount "47"]
[EventDate "2022.10.20"]
[EventType "team-tourn"]
[EventCountry "ENG"]
[SourceTitle "playchess.com"]
[Source "ChessBase"]
[SourceQuality "1"]
[TimeControl "40/6000+30:2400+30"]

1. c4 e5 2. Nc3 Nf6 3. Nf3 e4 4. Ng5 b5 5. d3 bxc4 6. dxe4 {[%emt 0:00:25] And now e5 would win. A22: English Opening: 1...e5 2 Nc3 Nf6.} (6. Ncxe4 Nc6 $11) (6. dxc4 Bb7 $11) 6... h6 7. Nf3 (7. Nxf7 $16 Kxf7 8. e5) 7... Bb7 8. e5 {[%emt 0:02:44] White is slightly better.} Ne4 9. Nxe4 Bxe4 10. Qd4 Bxf3 {[%emt 0:03:46] [#]} 11. gxf3 $146 ({Predecessor:} 11. exf3 Bb4+ 12. Bd2 Bxd2+ 13. Qxd2 Qe7 14. f4 Nc6 15. Bxc4 O-O 16. O-O Rad8 17. Rfe1 {1-0 Zhukova,N (2335)-Kohler,A (2121) Titled Tuesday intern op 05th Jul Late blitz 2022 (10)}) 11... Bb4+ 12. Kd1 Nc6 13. Qxc4 Qe7 14. f4 Rb8 ({Better is} 14... Bc5) 15. Bg2 O-O 16. Be3 (16. a3 $16 Bc5 17. b4 Bxf2 18. e3) 16... Na5 $14 17. Qa6 (17. Qxc7 Rfc8 18. Qxa7 Qe6 $17) (17. Qd3 $1 $14) 17... d6 $1 $15 18. a3 $2 {[%emt 0:04:07] [#]} (18. e6 $15 Qxe6 19. Qd3) 18... dxe5 $1 $19 19. Kc2 exf4 $2 (19... Rfd8 $1 $17 {...exf4 is the strong threat.} 20. axb4 (20. Rhd1 $2 Rxd1 21. Rxd1 Bxa3 $19 {[%mdl 64] Demolition}) 20... Qxb4) 20. Bxa7 $11 {[%emt 0:01:46] Active counter play! A strong pair of Bishops.} Rfd8 {[%emt 0:06:45] [#]} 21. Rhd1 $1 $36 {[%emt 0:01:36][%mdl 2048] Keeping Black busy.} (21. axb4 Qxb4 22. Ra2 Rd2+ 23. Kc1 Nb3+ 24. Kb1 Rxb2+ {[%mdl 64] Clearance} 25. Rxb2 Nd2+ {[%mdl 64] Discovered Attack} 26. Kc2 Qxb2+ 27. Kd1 Nb3) (21. Bxb8 Rd2+ 22. Kb1 Qe5 23. Qc8+ Bf8 24. Ra2 Qxe2) 21... f3 $2 (21... Rxd1 $2 22. Rxd1 Qe8 23. Qd3 (23. axb4 $2 Qa4+ 24. Kd2 Qxb4+ 25. Kc2 Qb3+ 26. Kd2 Qb4+ 27. Kc2 Qa4+ 28. Kd2 Rd8+ $19 {[%mdl 64] Skewer}) 23... Qa4+ 24. Kb1 $18 (24. b3 $2 Qxa3 25. Bd4 Qa2+ 26. Bb2 Re8 $19)) (21... c6 $16) 22. Bxf3 $18 {[%emt 0:01:08] Hoping for Rd5.} (22. axb4 $2 {is the wrong capture.} Qxb4 23. Rxd8+ Rxd8 $19) 22... Qg5 $2 (22... c6 23. Rd3 (23. axb4 Qxb4 24. Rxd8+ Rxd8 $11) (23. Bxb8 Qc5+ 24. Kb1 Rxd1+ 25. Ka2 Qc2 $15) 23... Rxd3 24. exd3 Nb3 {[%mdl 64] Decoy} 25. Kxb3 Bxa3+ 26. Bxb8 Qb4+ 27. Kc2 Qxb2+ 28. Kd1 Qxa1+ 29. Ke2 Qb2+ 30. Kf1 Qxb8 31. Qxa3 g6 32. Bxc6 Qxh2) 23. axb4 Qf5+ 24. Rd3 {[%emt 0:00:24] Weighted Error Value: White=0.29 (precise) /Black=0.44} 1-0

[Event "4NCL 2022-2023"]
[Site "Daventry"]
[Date "2023.02.11"]
[Round "5.46"]
[White "Murray, David"]
[Black "McDonald, Neil"]
[Result "1/2-1/2"]
[ECO "C12"]
[WhiteElo "2120"]
[BlackElo "2408"]
[Annotator "TA"]
[PlyCount "104"]
[EventDate "2022.10.20"]
[EventType "team-tourn"]
[EventCountry "ENG"]
[SourceTitle "playchess.com"]
[Source "ChessBase"]
[SourceQuality "1"]
[TimeControl "40/6000+30:2400+30"]

1. e4 e6 2. d4 d5 3. Nc3 Nf6 4. Bg5 Bb4 5. e5 h6 6. Bh4 g5 7. Bg3 Ne4 8. Nge2 $1 f5 {[%emt 0:03:16] C12: French: Classical System: McCutcheon Variation.} 9. exf6 {[%emt 0:01:36] was the old line (9.f3).} (9. f3 $11 Nxc3 10. Nxc3 (10. bxc3 Be7 $11)) 9... Qxf6 $15 10. Qd3 Nc6 {[%emt 0:04:47] [#] Black is slightly better.} 11. a3 $146 ({Predecessor:} 11. O-O-O Nxf2 12. Bxf2 Qxf2 13. h4 gxh4 14. g3 Qf6 15. Nb5 Ba5 16. Rxh4 Bd7 17. Nf4 {0-1 De la Riva Aguado,O (2458)-Vallejo Pons,F (2519) ESP-chT Div 1 1999 (4)}) 11... Bxc3+ (11... Nxg3 $15 12. hxg3 Be7) 12. Nxc3 $11 Nxg3 (12... Qxd4 13. Nxe4 dxe4 14. Qxd4 Nxd4 15. O-O-O $16 (15. Bxc7 $2 Nxc2+ 16. Kd2 Nxa1 $19)) 13. Qxg3 (13. hxg3 $11 Nxd4 14. O-O-O) 13... Nxd4 $17 (13... Qxd4 $6 14. h4 $11) 14. O-O-O c5 (14... c6 $17 {next ...Nf5 is good for Black.} 15. Bd3 O-O) 15. Kb1 (15. Qc7 $11) 15... Qf4 16. Qh3 Bd7 (16... Qxf2 17. Bd3 h5 18. Bg6+ (18. Rhf1 g4 $16) 18... Kd8 19. Rhf1 $18) 17. Ne2 $1 Nxe2 (17... Qxf2 18. Nxd4 cxd4 19. Bb5 Bxb5 20. Qxe6+ Kf8 21. Qxd5 $11) 18. Bxe2 O-O-O $36 {[%emt 0:00:26][%mdl 2048] Black has good play.} ({Don't do} 18... Qxf2 19. Bh5+ Kd8 20. Rhf1 $16) 19. Bg4 Kb8 ({Reject} 19... Qxf2 20. Bxe6 Bxe6 21. Qxe6+ Kb8 22. Rxd5 $11) 20. Rhe1 Qxf2 21. Re2 Qf4 22. Bxe6 Bb5 23. Red2 d4 24. Qb3 Bc6 25. g3 Qe5 26. Bc4 Rhe8 27. Qd3 ({Better is} 27. Re2 Qf6 28. Rde1) 27... Be4 28. Qf1 Qd6 29. Rf2 Rf8 {[%emt 0:00:00] Repels Rf6} 30. Rdd2 g4 31. Rde2 {[%emt 0:02:49] [#]} Rxf2 (31... d3 $1 $17 32. Bxd3 (32. Rxe4 $2 {is the wrong capture.} d2 $19) 32... Bxd3 33. Rxf8 Rxf8) 32. Rxf2 $11 Bf3 (32... Re8 $1 $15 {should be considered.}) 33. Qe1 (33. Be2 $11 {was the only way to keep the balance.}) 33... a6 $17 34. a4 Ka7 35. Rf1 Qc6 36. a5 (36. Qa5 $17 {was worth a try.} Qd6 37. Qd2) 36... Re8 $19 37. Qd2 Re5 (37... Re3 $19 {and Black stays clearly on top. ...Qe8 would be deadly.} 38. b3 Qe8) 38. Re1 $17 Qc7 39. b3 Qe7 40. Rxe5 Qxe5 $15 {[%emt 0:00:05][%mdl 4096] Endgame KQB-KQB} 41. Bd3 (41. Qxh6 $15 Qe1+ 42. Qc1 Qxa5 43. Qg5) 41... h5 (41... Qe3 $17 42. Qc1 Kb8) 42. Kb2 ({White should play} 42. Qh6 $1 $11) 42... Bc6 (42... Qf6 $15) 43. Qh6 $1 $11 {[%emt 0:03:11] The position is equal.} c4 {[%emt 0:01:54][%mdl 64] [#] Discovered Attack} 44. bxc4 Qxa5 45. Qd6 {[%emt 0:02:52] Repels Qe5} Qc3+ 46. Ka2 a5 47. Qc5+ Ka6 48. Qxh5 Qb4 49. Qxg4 Qa4+ 50. Kb2 (50. Kb1 $5 Qb4+ $8 51. Ka2 Qa4+ 52. Kb1 Qb4+ 53. Ka2 $11) 50... Qb4+ 51. Ka2 Qa4+ 52. Kb2 (52. Kb1 $5 Qb4+ $8 53. Ka2 $11) 52... Qb4+ {[%emt 0:00:07] Black had all chances to win.   Weighted Error Value: White=0.20 (precise) /Black=0.18 (very precise)} 1/2-1/2

[Event "4NCL 2022-2023"]
[Site "Daventry"]
[Date "2023.02.11"]
[Round "5.47"]
[White "Toma, Katarzyna"]
[Black "Bourached, Anthony"]
[Result "1-0"]
[ECO "B13"]
[WhiteElo "2231"]
[BlackElo "2043"]
[Annotator "TA"]
[PlyCount "57"]
[EventDate "2022.10.20"]
[EventType "team-tourn"]
[EventCountry "ENG"]
[SourceTitle "playchess.com"]
[Source "ChessBase"]
[SourceQuality "1"]
[TimeControl "40/6000+30:2400+30"]

1. e4 c6 2. d4 d5 3. exd5 cxd5 4. Bd3 Nc6 5. c3 Qc7 6. Ne2 e6 7. Bf4 Bd6 8. Bxd6 Qxd6 9. Nd2 {[%emt 0:04:41] B13: Caro-Kann: Exchange Variation and Panov-Botvinnik Attack.} Nge7 10. O-O O-O 11. f4 {[%emt 0:01:33] The position is equal.} Bd7 12. Rf3 {[%emt 0:05:39] [#]} Rae8 $146 ({Predecessor:} 12... f6 13. Qc2 e5 14. fxe5 fxe5 15. dxe5 Nxe5 16. Rxf8+ Rxf8 17. Nd4 N7c6 18. Re1 g6 {½-½ Xiao,T (2027)-Bai,J (2586) CHN-chT Div-A 2022 (4.2)}) 13. Qe1 Ng6 14. Rh3 {[%emt 0:16:21] [#]} (14. Nb3 $11) 14... Nce7 ({Black should try} 14... e5 $1 $17 15. fxe5 (15. dxe5 Qc5+ 16. Qf2 Qxf2+ 17. Kxf2 Bxh3 $17) 15... Ncxe5 16. dxe5 Qb6+ 17. Nd4 Bxh3 18. gxh3 Nxe5) 15. Nf3 (15. Rf3 $11 {remains equal.}) 15... f6 $17 16. Rh5 {[%emt 0:04:00] [#]} Nf5 {[%emt 0:17:51] Prevents Nh4.} (16... Nxf4 17. Nxf4 (17. Bxh7+ Kf7 $16) 17... Qxf4 18. Bxh7+ Kf7 19. Qe2 $16) (16... Qb6 $1 $17 {aiming for ...e5.} 17. h3 Bb5 18. Bxb5 Qxb5) 17. Qd2 $11 Qe7 18. Re1 Qf7 19. Ng3 Nxg3 (19... h6 $11) 20. hxg3 $16 h6 21. Rh2 {[%emt 0:05:23] White has more active pieces.} f5 22. g4 {[%emt 0:05:37] Strongly threatening g5.} Bc8 $2 {[%emt 0:06:56] This costs Black the game.} (22... fxg4 $2 23. Bxg6 Qxg6 24. Ne5 $18) (22... e5 $16) 23. g5 $18 h5 24. Kf2 ({Much less strong is} 24. Rxh5 e5 $18) 24... Qc7 25. g3 ({Don't take} 25. Rxh5 $6 Qxf4 26. Qe2 Qd6 $14) 25... h4 26. Nxh4 Kf7 (26... Nxh4 27. Rxh4 Kf7) 27. Nxg6 Kxg6 28. Reh1 Qd8 $2 (28... Kf7 29. Rh7 Rg8) 29. Be2 {[%emt 0:05:11] Weighted Error Value: White=0.48/Black=0.63} 1-0

[Event "4NCL 2022-2023"]
[Site "Daventry"]
[Date "2023.02.11"]
[Round "5.48"]
[White "Mirza, Diana"]
[Black "Haydon, David L"]
[Result "0-1"]
[ECO "B04"]
[WhiteElo "1904"]
[BlackElo "2268"]
[Annotator "TA"]
[PlyCount "84"]
[EventDate "2022.10.20"]
[EventType "team-tourn"]
[EventCountry "ENG"]
[SourceTitle "playchess.com"]
[Source "ChessBase"]
[SourceQuality "1"]
[TimeControl "40/6000+30:2400+30"]

1. e4 Nf6 2. e5 Nd5 3. c4 Nb6 4. d4 d6 5. exd6 cxd6 6. Nf3 g6 7. b3 Bg7 8. Bb2 {[%emt 0:00:22] B04: Alekhine's Defence: 4 Nf3.} Nc6 9. Be2 O-O 10. O-O {[%emt 0:00:22] The position is equal.} Bf5 11. Nc3 e5 12. d5 {[%emt 0:09:53] [#]} Nd4 $146 ({Predecessor:} 12... Ne7 13. Nh4 Bd7 14. Ne4 Nf5 15. Nf3 Bc8 16. Rc1 Nd7 17. a4 Nf6 18. Nfd2 Nxe4 19. Nxe4 {1-0 Sitkauskaite,L (1367)-Sukyte,K (1405) LTU-ch (Women) 2020 (4)}) 13. Qd2 Nxe2+ 14. Nxe2 Bg4 15. Ne1 Bxe2 16. Qxe2 f5 17. f4 exf4 18. Bxg7 Kxg7 19. Qb2+ Qf6 20. Qxf6+ Kxf6 21. Rxf4 Rae8 22. Nc2 Nd7 23. Raf1 Re2 24. R4f2 (24. Nd4 $5 Rxa2 25. g4 $11) 24... Rfe8 25. Nd4 Rxf2 26. Kxf2 $15 {[%emt 0:00:05][%mdl 4096] Endgame KRN-KRN} (26. Rxf2 $11 {is superior.} a6 27. Kf1) 26... Nc5 $1 27. Kg1 a6 {[%emt 0:03:46] White is now going downhill.} 28. b4 {[%emt 0:02:15] [#]} (28. Rd1 $17) 28... Nd3 $1 $19 29. Ne6 Rc8 $1 ({Inferior is} 29... Nxb4 30. a3 Na2 31. Rb1 $17) 30. c5 dxc5 ({Don't do} 30... Nxb4 31. cxd6 Rb8 32. d7 $18) 31. bxc5 Nxc5 32. Rc1 b6 33. Nf4 (33. Nxc5 $142 Rxc5 34. Rd1) 33... Rd8 34. Rb1 Rd6 35. h4 h6 36. h5 g5 37. Ng6 Ne4 ({And not} 37... Rxd5 38. Rxb6+ Kf7 39. Kh2 $17) 38. Rc1 Rxd5 39. Rc6+ Rd6 40. Rc8 (40. Rxd6+ $142 Nxd6 41. Nf8) 40... g4 41. Rf8+ Kg5 {[%emt 0:00:00] [#] ( -> ...Rd1+)} 42. Ne7 Rd1+ {[%emt 0:00:00] Weighted Error Value: White=0.50/Black=0.04 (flawless)} 0-1

[Event "4NCL 2022-2023"]
[Site "Daventry"]
[Date "2023.02.12"]
[Round "6.1"]
[White "Delaney, Killian"]
[Black "Williams, Simon K"]
[Result "1/2-1/2"]
[ECO "B50"]
[WhiteElo "2300"]
[BlackElo "2465"]
[Annotator "TA"]
[PlyCount "105"]
[EventDate "2022.10.20"]
[EventType "team-tourn"]
[EventCountry "ENG"]
[SourceTitle "playchess.com"]
[Source "ChessBase"]
[SourceQuality "1"]
[TimeControl "40/6000+30:2400+30"]

1. e4 c5 2. Nf3 d6 3. c3 Nf6 4. Be2 Bd7 5. e5 dxe5 6. Nxe5 {[%emt 0:00:14] Black should prevent Qb3. B50: Sicilian: 2...d6, Miscellaneous.} Nc6 7. Nxd7 Qxd7 8. O-O e6 9. d3 Be7 10. Nd2 O-O 11. Ne4 Rad8 12. Be3 b6 13. Nxf6+ Bxf6 14. Qc2 Rc8 {[%emt 0:07:59] [#]} 15. Rad1 $146 {[%emt 0:09:32] [#]} ({Predecessor:} 15. Qa4 Rfd8 16. Rfd1 Nd4 17. Qxd7 Nxe2+ 18. Kf1 Ng3+ 19. hxg3 Rxd7 20. Ke2 Kf8 21. a4 {½-½ Kowalczyk,M (1917)-Suliborski,J (2013) Polanica Zdroj op-B 48th 2012 (6)}) 15... Nd4 $1 16. cxd4 (16. Bxd4 {simplifies} cxd4 17. c4 a5 18. a3) 16... cxd4 17. Qb3 {[%emt 0:00:47] Bd2 would be deadly.} dxe3 18. fxe3 {[%emt 0:00:04] White is weak on the dark squares} Qd5 19. Qxd5 exd5 20. d4 Bg5 21. Rd3 Rfe8 22. Kf2 Rc2 23. Rb3 Re6 $36 {[%emt 0:00:58][%mdl 2048] Black has the initiative.} 24. Rd1 f5 25. Re1 {[%emt 0:27:30] [#]} ({White should try} 25. g3 $15) 25... f4 $1 $17 26. Kf1 (26. exf4 $142 Bf6 27. Kf3) 26... Bh4 ({And not} 26... Rxe3 27. Bf3 $15) 27. Rb1 $2 (27. Rd1 $17 {was necessary.}) 27... fxe3 $19 {[%emt 0:00:40] White must now prevent ...Rf6+.} 28. g3 {[%emt 0:00:05] [#]} Be7 (28... Bxg3 $1 $19 29. hxg3 Rh6) 29. Ke1 Kf8 30. a3 Rh6 31. h4 Re6 32. Bg4 Rf6 ({Better is} 32... Bxh4 $17 33. Bxe6 Bxg3+ 34. Kf1 e2+ 35. Kg1 e1=Q+ 36. Rxe1 Bxe1 37. Rf3+ Ke7 38. Bxd5 Rxb2) 33. Rxe3 $15 Rff2 34. Rf3+ Rxf3 35. Bxf3 {[%emt 0:00:03][%mdl 4096] Endgame KRB-KRB} Bd6 36. g4 Bg3+ 37. Kd1 Rc4 38. Ke2 Bxh4 39. Rd1 Bg5 40. Bxd5 Rc2+ 41. Kd3 Rxb2 42. Rf1+ Ke7 43. Bg8 Kd6 44. Rf7 Rb3+ 45. Kc4 {[%emt 0:00:07] The position is equal.} Rxa3 {[%emt 0:00:21] Black wants to play ...a6.} 46. Rxg7 h6 47. Rg6+ Ke7 48. d5 Bf4 49. Kb5 Kd7 50. Rg7+ Kd6 51. Rg6+ Kc7 52. Rg7+ Kb8 53. Rd7 {[%emt 0:12:17] And White is the lucky defender.   Weighted Error Value: White=0.15 (very precise) /Black=0.14 (very precise)} 1/2-1/2